 Dungeon Crawl Stone Soup version 0.31-a0-1591-g515db51633 (webtiles) character file.

Game seed: 16944981771954615047

58 TheScarfBastard the Slasher (level 3, 0/31 HPs)
             Began as an Armataur Berserker on Jan 6, 2024.
             Was a Believer of Trog.
             Slain by a ribbon worm (6 damage)
             ... on level 2 of the Dungeon.
             The game lasted 00:03:05 (839 turns).

TheScarfBastard the Slasher (Armataur Berserker)     Turns: 839, Time: 00:03:06

Health: 0/31       AC:  4    Str: 24    XL:     3   Next: 76%
Magic:  3/3        EV:  9    Int:  7    God:    Trog [**....]
Gold:   87         SH:  0    Dex:  9    Spells: 2/2 levels left

rFire   . . .        a - +0 falchion (spect)
rCold   . . .        (no shield)
rNeg    . . .        b - +0 animal skin
rPois   .            (no helmet)
rElec   .            (no cloak)
rCorr   .            (no gloves)
SInv    .            (no barding)
Will    .....        (no amulet)
Stlth   +            (no ring)
HPRegen 0.25/turn    (no ring)
MPRegen 0.08/turn

%: roll
@: on berserk cooldown, slowed, very slow
A: large, deformed body, tough skin 3, armoured tail, roll 1
a: Renounce Religion, Berserk, Trog's Hand


You were on level 2 of the Dungeon.
You worshipped Trog.
Trog was pleased with you.
You visited 1 branch of the dungeon, and saw 2 of its levels.

You collected 87 gold pieces.

Inventory:

Hand Weapons
 a - a +0 spectral falchion (weapon)
Armour
 b - a +0 animal skin (worn)
Jewellery
 d - a ring of willpower
 f - a ring of protection from fire
Potions
 c - a potion of lignification {unknown}
 e - 2 potions of magic {unknown}


   Skills:
 + Level 3.5 Fighting
 + Level 3.5 Long Blades
 + Level 2.4 Armour
 + Level 1.6 Dodging


You had 2 spell levels left.
You didn't know any spells.
Your spell library was empty.

Dungeon Overview and Level Annotations

Branches:
Dungeon (2/15)

Altars:


Innate Abilities, Weirdness & Mutations

Armour fits poorly on your strangely shaped body.
You have extremely tough skin. (AC +3)
You have a long armoured tail.
You regenerate magic when rolling toward enemies. (Rampage MPRegen)


Message History

The ball python barely misses you.
You slash the ball python!
You kill the ball python!
Trog accepts your kill.
You barely miss the rat.
You are no longer berserk.
You are exhausted.
You feel yourself slow down.
You hit the rat.
You kill the rat!
Trog accepts your kill.
You can now call upon Trog for regeneration and willpower.
The giant cockroach misses you.
You hit the giant cockroach.
The giant cockroach is severely wounded.
The giant cockroach bites you but does no damage.
The giant cockroach barely misses you.
You hit the giant cockroach.
You kill the giant cockroach!
Trog accepts your kill.
You hit the ribbon worm.
The ribbon worm is moderately wounded.
The ribbon worm bites you!
You barely miss the ribbon worm.
The ribbon worm is lightly wounded.
The ribbon worm bites you. The ribbon worm barely misses you.
You hit the ribbon worm.
The ribbon worm is lightly wounded.
The ribbon worm bites you but does no damage.
You hit the ribbon worm.
The ribbon worm is heavily wounded.
The ribbon worm expels a string of sticky webbing.
The stream of webbing hits you but does no damage.
You are caught in a web!
You struggle to detach yourself from the web.
The ribbon worm bites you.
* * * LOW HITPOINT WARNING * * *
The web tears apart.
The ribbon worm barely misses you. The ribbon worm bites you.
You die...

.....
.........#####
.....
.........#
.....
..........# .
#.###
....####..# ..
..#
..........##
... ###
...######..#
.... #.##
.....
#.##......
#.@w.....?
####.?....
..... .... ...
.. .


You could see a ribbon worm.

Vanquished Creatures
  2 adders (D:2)
  A ribbon worm (D:2)
  2 dart slugs
  4 ball pythons
  3 bats (D:1)
  3 endoplasms (D:1)
  3 giant cockroaches
  3 goblins (D:1)
  3 hobgoblins
  3 frilled lizards
  2 kobolds
  4 rats
33 creatures vanquished.

Notes
Turn   | Place    | Note
-------+----------+-------------------------------------------
     0 | D:1      | TheScarfBastard the Armataur Berserker began the quest for
                  | the Orb.
     0 | D:1      | Reached XP level 1. HP: 18/18 MP: 1/1
   188 | D:1      | Reached XP level 2. HP: 22/25 MP: 2/2
   384 | D:1      | Found a faded altar of an unknown god.
   740 | D:2      | Reached XP level 3. HP: 30/31 MP: 3/3
   831 | D:2      | Reached ** piety under Trog
   839 | D:2      | Slain by a ribbon worm

Illustrated notes

Levels and vault maps discovered:
D:1:      dpeg_arrival_rooms_a, layout_basic, shapermc_ecumenical_altar_petra,
          chequers_serial_rivers_room_a
D:2:      layout_loops_cross, grunt_ministairs_2, nicolae_figureground_pulse

Skill      XL: |  1  2 |
---------------+-------+-----
Long Blades    | 3 |  3.5
Fighting       | 3 |  3.5
Armour         | |  2.4
Dodging        | |  1.6

Action                     || total
---------------------------++-------
  Melee: Falchion          ||    95
         Tailslap          ||     8
         Punch             ||     1
 Invoke: Berserk           ||     1
    Use: Scroll            ||     1
 Armour: Animal skin       ||    62
  Dodge: Dodged            ||    54

Table legend: (Time is in decaauts)
 A = Elapsed time spent in this place.
 B = Non-inter-level travel time spent in this place.
 C = Inter-level travel time spent in this place.
 D = Time resting spent in this place.
 E = Time spent auto-exploring this place.
 F = Levels seen in this place.
 G = Mean time per level.
                   A        B        C        D        E       F      G
               +--------+--------+--------+--------+--------+-----+--------+
         Total |    853 |    843 |     10 |      0 |    522 |   2 |  426.5 |
       Dungeon |    853 |    843 |     10 |      0 |    522 |   2 |  426.5 |
               +--------+--------+--------+--------+--------+-----+--------+

Top non-repeatable levels by time:
     D:1: 714 daAuts
     D:2: 138 daAuts
